| TOP OF THE 1ST |
|
Portland Angels batting - Pitching for Amarillo ThunderHeads : RHP Erik Myers
|
|
Pitching: RHP Erik Myers
|
|
|
Batting: RHB Aaron Bryant
|
0-0: Ball 1-0: Fly out, F7 (Line Drive, 7, EV 101.9 MPH)
|
|
Batting: SHB Yuya Hirata
|
0-0: Called Strike 0-1: Swinging Strike 0-2: Ball 1-2: Ball 2-2: Foul Ball, location: 2F 2-2: Ball 3-2: Fly out, F9 (Flyball, 9D, EV 85.6 MPH)
|
|
Batting: RHB Dan Thomey
|
0-0: Ball 1-0: Foul Ball, location: 2F 1-1: Swinging Strike 1-2: Ball 2-2: Ball 3-2: Foul Ball, location: 2F 3-2: Base on Balls
|
|
Batting: RHB Dan Myers
|
0-0: Called Strike 0-1: Fly out, F8 (Line Drive, 89M, EV 86.9 MPH)
|
| Top of the 1st over - 0 runs, 0 hits, 0 errors, 1 left on base; Portland 0 - Amarillo 0 |
| BOTTOM OF THE 1ST |
|
Amarillo ThunderHeads batting - Pitching for Portland Angels : RHP Dean Aspden
|
|
Pitching: RHP Dean Aspden
|
|
|
Batting: SHB Zack Barton
|
0-0: Ball 1-0: SINGLE (Line Drive, 89S, EV 88.1 MPH)
|
|
Batting: RHB Sam Voss
|
0-0: Swinging Strike 0-1: Swinging Strike 0-2: Foul Ball, location: 2F 0-2: Ball 1-2: Strikes out looking
|
|
Batting: RHB Jerry Foster
|
0-0: Foul Ball, location: 2F 0-1: Fly out, F7 (Flyball, 78S, EV 90.6 MPH)
|
|
Batting: RHB Elias Sagrero
|
0-0: Swinging Strike 0-1: Swinging Strike 0-2: Ball 1-2: Foul Ball, location: 2F 1-2: Foul Ball, location: 2F 1-2: Ball 2-2: Ball 3-2: Base on Balls Zack Barton to second
|
|
Batting: RHB Eric Camillo
|
0-0: Called Strike 0-1: Called Strike 0-2: Ball Passed Ball! Zack Barton to third Elias Sagrero to second 1-2: Strikes out looking
|
| Bottom of the 1st over - 0 runs, 1 hit, 0 errors, 2 left on base; Portland 0 - Amarillo 0 |
| TOP OF THE 2ND |
|
Portland Angels batting - Pitching for Amarillo ThunderHeads : RHP Erik Myers
|
|
Batting: LHB Ramon Garduno
|
0-0: Fly out, F7 (Flyball, 7D, EV 98.1 MPH)
|
|
Batting: SHB Danny Gelinas
|
0-0: Ball 1-0: Ball 2-0: SOLO HOME RUN (Flyball, 89XD, EV 99.4 MPH), Distance : 405 ft
|
|
Batting: RHB Carlos Gonzales
|
0-0: Called Strike 0-1: Ground out 4-3 (Groundball, 4, EV 89.4 MPH)
|
|
Batting: RHB Rory Cobb
|
0-0: Ball 1-0: Foul Ball, location: 2F 1-1: Called Strike 1-2: Ball 2-2: Ground out U3 (Groundball, 3, EV 101.2 MPH)
|
| Top of the 2nd over - 1 run, 1 hit, 0 errors, 0 left on base; Portland 1 - Amarillo 0 |
| BOTTOM OF THE 2ND |
|
Amarillo ThunderHeads batting - Pitching for Portland Angels : RHP Dean Aspden
|
|
Batting: LHB Santino Pisanello
|
0-0: Foul Ball, location: 2F 0-1: SOLO HOME RUN (Flyball, 9LD, EV 96.2 MPH), Distance : 347 ft
|
|
Batting: RHB Bill Flannery
|
0-0: Called Strike 0-1: Ball 1-1: Ball 2-1: Ground out 5-3 (Groundball, 5, EV 100.0 MPH)
|
|
Batting: RHB John Carbonneau
|
0-0: Ball 1-0: Reached on error, E3 (Groundball, 34S, EV 85.6 MPH)
|
|
Batting: SHB Tyler Romo
|
0-0: Ball 1-0: Ball 2-0: Swinging Strike 2-1: Swinging Strike 2-2: Ball 3-2: Foul Ball, location: 2F 3-2: Fly out, F8 (Line Drive, 78S, EV 97.5 MPH)
|
|
Batting: SHB Zack Barton
|
0-0: Ball 1-0: Foul Ball, location: 2F 1-1: Foul Ball, location: 2F 1-2: Strikes out swinging
|
| Bottom of the 2nd over - 1 run, 1 hit, 1 error, 1 left on base; Portland 1 - Amarillo 1 |
| TOP OF THE 3RD |
|
Portland Angels batting - Pitching for Amarillo ThunderHeads : RHP Erik Myers
|
|
Batting: RHB Mario Martinez
|
0-0: Ground out 4-3 (Groundball, 4, EV 85.0 MPH)
|
|
Batting: RHB Aaron Bryant
|
0-0: Called Strike 0-1: Foul Ball, location: 2F 0-2: Ball 1-2: Ball 2-2: Ground out 4-3 (Groundball, 4MD, EV 101.2 MPH)
|
|
Batting: SHB Yuya Hirata
|
0-0: Called Strike 0-1: Foul Ball, location: 2F 0-2: Fly out, F9 (Flyball, 89M, EV 86.9 MPH)
|
| Top of the 3rd over - 0 runs, 0 hits, 0 errors, 0 left on base; Portland 1 - Amarillo 1 |
| BOTTOM OF THE 3RD |
|
Amarillo ThunderHeads batting - Pitching for Portland Angels : RHP Dean Aspden
|
|
Batting: RHB Sam Voss
|
0-0: Called Strike 0-1: Fly out, F9 (Flyball, 9, EV 78.8 MPH)
|
|
Batting: RHB Jerry Foster
|
0-0: Ball 1-0: Foul Ball, location: 2F 1-1: Ball 2-1: Swinging Strike 2-2: Ball 3-2: Foul Ball, location: 2F 3-2: Base on Balls
|
|
Batting: RHB Elias Sagrero
|
0-0: Ball Jerry Foster steals 2nd base 1-0: Called Strike 1-1: Ball Jerry Foster steals 3rd base 2-1: Foul Ball, location: 2F 2-2: DOUBLE (Flyball, 8LXD, EV 106.9 MPH) Jerry Foster scores
|
|
Batting: RHB Eric Camillo
|
0-0: Ball Elias Sagrero steals 3rd base 1-0: Fly out, F9 (Flyball, 9LSF, EV 76.2 MPH)
|
|
Batting: LHB Santino Pisanello
|
0-0: Fly out, F5 (Popup, 5, EV 78.8 MPH)
|
| Bottom of the 3rd over - 1 run, 1 hit, 0 errors, 1 left on base; Portland 1 - Amarillo 2 |
| TOP OF THE 4TH |
|
Portland Angels batting - Pitching for Amarillo ThunderHeads : RHP Erik Myers
|
|
Batting: RHB Dan Thomey
|
0-0: Foul Ball, location: 2F 0-1: Ball 1-1: Ball 2-1: Ground out 6-3 (Groundball, 6, EV 83.8 MPH)
|
|
Batting: RHB Dan Myers
|
0-0: Called Strike 0-1: Ball 1-1: Ball 2-1: Ball 3-1: Swinging Strike 3-2: Foul Ball, location: 2F 3-2: Strikes out swinging
|
|
Batting: LHB Ramon Garduno
|
0-0: Fly out, F5 (Popup, 5SF, EV 73.1 MPH)
|
| Top of the 4th over - 0 runs, 0 hits, 0 errors, 0 left on base; Portland 1 - Amarillo 2 |
| BOTTOM OF THE 4TH |
|
Amarillo ThunderHeads batting - Pitching for Portland Angels : RHP Dean Aspden
|
|
Batting: RHB Bill Flannery
|
0-0: Swinging Strike 0-1: Ball 1-1: Fly out, F9 (Flyball, 9S, EV 83.1 MPH)
|
|
Batting: RHB John Carbonneau
|
0-0: Ball 1-0: Foul Ball, location: 2F 1-1: Ground out 1-3 (Groundball, 34S, EV 65.0 MPH)
|
|
Batting: SHB Tyler Romo
|
0-0: Ball 1-0: Ball 2-0: Ball 3-0: Called Strike 3-1: Base on Balls
|
|
Batting: SHB Zack Barton
|
0-0: Foul Ball, location: 2F 0-1: Ball 1-1: Ball 2-1: DOUBLE (Line Drive, 9LS, EV 103.1 MPH) Tyler Romo to third Runner from 3rd tries for Home, SAFE, no throw by RF
|
|
Batting: RHB Sam Voss
|
0-0: Foul Ball, location: 2F 0-1: Ball 1-1: Ball Wild Pitch! Zack Barton to third 2-1: Ball 3-1: Base on Balls
|
|
Batting: RHB Jerry Foster
|
0-0: Called Strike 0-1: Ball 1-1: Called Strike 1-2: Foul Ball, location: 2F 1-2: Ball 2-2: Fielders Choice at 2nd, 5-4 (Groundball, 56, EV 82.5 MPH)
|
| Bottom of the 4th over - 1 run, 1 hit, 0 errors, 2 left on base; Portland 1 - Amarillo 3 |
| TOP OF THE 5TH |
|
Portland Angels batting - Pitching for Amarillo ThunderHeads : RHP Erik Myers
|
|
Batting: SHB Danny Gelinas
|
0-0: Ball 1-0: Ball 2-0: Called Strike 2-1: Fly out, F4 (Line Drive, 4, EV 66.9 MPH)
|
|
Batting: RHB Carlos Gonzales
|
0-0: Ball 1-0: DOUBLE (Flyball, 89D, EV 110.0 MPH)
|
|
Batting: RHB Rory Cobb
|
0-0: Called Strike 0-1: Ball 1-1: Foul Ball, location: 2F 1-2: Ball 2-2: Strikes out looking
|
|
Batting: RHB Mario Martinez
|
0-0: DOUBLE (Flyball, 8RXD, EV 114.4 MPH) Carlos Gonzales scores
|
|
Batting: RHB Aaron Bryant
|
0-0: Ball 1-0: Ball 2-0: Fly out, F7 (Flyball, 7, EV 81.2 MPH)
|
| Top of the 5th over - 1 run, 2 hits, 0 errors, 1 left on base; Portland 2 - Amarillo 3 |
| BOTTOM OF THE 5TH |
|
Amarillo ThunderHeads batting - Pitching for Portland Angels : RHP Dean Aspden
|
|
Batting: RHB Elias Sagrero
|
0-0: Ball 1-0: Swinging Strike 1-1: Ball 2-1: Foul Ball, location: 2F 2-2: Ball 3-2: Fly out, F9 (Flyball, 9D, EV 96.9 MPH)
|
|
Batting: RHB Eric Camillo
|
0-0: Ball 1-0: Ball 2-0: Called Strike 2-1: Ball 3-1: Fly out, F7 (Line Drive, 7S, EV 96.9 MPH)
|
|
Batting: LHB Santino Pisanello
|
0-0: Called Strike 0-1: Foul Ball, location: 2F 0-2: Ball 1-2: Ball 2-2: Ball 3-2: Ground out 6-3 (Groundball, 6D, EV 103.1 MPH)
|
| Bottom of the 5th over - 0 runs, 0 hits, 0 errors, 0 left on base; Portland 2 - Amarillo 3 |
| TOP OF THE 6TH |
|
Portland Angels batting - Pitching for Amarillo ThunderHeads : RHP Erik Myers
|
|
Batting: SHB Yuya Hirata
|
0-0: Ball 1-0: Ball 2-0: Ball 3-0: Base on Balls
|
|
Batting: RHB Dan Thomey
|
0-0: Called Strike 0-1: 2-RUN HOME RUN (Flyball, 9D, EV 93.8 MPH), Distance : 364 ft
|
|
Batting: RHB Dan Myers
|
0-0: Ball 1-0: Called Strike 1-1: Ball 2-1: Swinging Strike 2-2: Foul Ball, location: 2F 2-2: Ball 3-2: Strikes out swinging
|
|
Batting: LHB Ramon Garduno
|
0-0: Ball 1-0: Ball 2-0: Called Strike 2-1: Foul Ball, location: 2F 2-2: Ball 3-2: Foul Ball, location: 2F 3-2: Foul Ball, location: 2F 3-2: Strikes out swinging
|
|
Batting: SHB Danny Gelinas
|
0-0: Ball 1-0: Ball 2-0: Ball 3-0: Called Strike 3-1: Foul Ball, location: 2F 3-2: Base on Balls
|
|
Batting: RHB Carlos Gonzales
|
0-0: Ball 1-0: Ball 2-0: Ball 3-0: Base on Balls Danny Gelinas to second
|
|
Batting: RHB Rory Cobb
|
0-0: Ball 1-0: Ball 2-0: Ball 3-0: Base on Balls Danny Gelinas to third Carlos Gonzales to second
|
|
Batting: RHB Mario Martinez
|
0-0: Ball 1-0: Called Strike 1-1: Ball 2-1: Ball 3-1: GRAND SLAM HOME RUN (Flyball, 78XD, EV 97.5 MPH), Distance : 399 ft
|
|
Pitching: RHP Javier Chavez
|
|
|
Batting: RHB Aaron Bryant
|
0-0: Ball 1-0: Ball 2-0: Foul Ball, location: 2F 2-1: Foul Ball, location: 2F 2-2: Strikes out swinging
|
| Top of the 6th over - 6 runs, 2 hits, 0 errors, 0 left on base; Portland 8 - Amarillo 3 |
| BOTTOM OF THE 6TH |
|
Amarillo ThunderHeads batting - Pitching for Portland Angels : RHP Dean Aspden
|
|
Batting: RHB Bill Flannery
|
0-0: Called Strike 0-1: Ball 1-1: DOUBLE (Flyball, 78XD, EV 97.5 MPH) - OUT at third base trying to stretch hit.
|
|
Batting: RHB John Carbonneau
|
0-0: Ground out 6-3 (Groundball, 6S, EV 75.6 MPH)
|
|
Batting: SHB Tyler Romo
|
0-0: Called Strike 0-1: Ball 1-1: SOLO HOME RUN (Flyball, 9D, EV 93.1 MPH), Distance : 358 ft
|
|
Pitching: LHP Randy Boutilier
|
|
|
Batting: SHB Zack Barton
|
0-0: Ball 1-0: Swinging Strike 1-1: Ball 2-1: Ball 3-1: Foul Ball, location: 2F 3-2: Ground out 6-3 (Groundball, 6M, EV 108.1 MPH)
|
| Bottom of the 6th over - 1 run, 2 hits, 0 errors, 0 left on base; Portland 8 - Amarillo 4 |
| TOP OF THE 7TH |
|
Portland Angels batting - Pitching for Amarillo ThunderHeads : RHP Javier Chavez
|
|
Batting: SHB Yuya Hirata
|
0-0: Ball 1-0: Ground out 5-3 (Groundball, 5, EV 91.9 MPH)
|
|
Batting: RHB Dan Thomey
|
0-0: Called Strike 0-1: Ball 1-1: Foul Ball, location: 2F 1-2: Ball 2-2: Strikes out swinging
|
|
Batting: RHB Dan Myers
|
0-0: Foul Ball, location: 2F 0-1: Foul Ball, location: 2F 0-2: Strikes out swinging
|
| Top of the 7th over - 0 runs, 0 hits, 0 errors, 0 left on base; Portland 8 - Amarillo 4 |
| BOTTOM OF THE 7TH |
|
Amarillo ThunderHeads batting - Pitching for Portland Angels : LHP Randy Boutilier
|
|
Batting: RHB Sam Voss
|
0-0: Ball 1-0: SOLO HOME RUN (Flyball, 7LD, EV 92.5 MPH), Distance : 341 ft
|
|
Batting: RHB Jerry Foster
|
0-0: Ball 1-0: Ball 2-0: Ball 3-0: Called Strike 3-1: Called Strike 3-2: Base on Balls
|
|
Batting: RHB Elias Sagrero
|
0-0: Swinging Strike 0-1: Ball 1-1: Called Strike 1-2: Ball 2-2: Foul Ball, location: 2F 2-2: Strikes out swinging
|
|
Batting: RHB Eric Camillo
|
0-0: Ball 1-0: Hit by Pitch Jerry Foster to second
|
|
Batting: LHB Santino Pisanello
|
0-0: Called Strike 0-1: Foul Ball, location: 2F 0-2: Strikes out swinging
|
|
Batting: RHB Bill Flannery
|
0-0: Called Strike 0-1: Ground out 6-3 (Groundball, 56, EV 107.5 MPH)
|
| Bottom of the 7th over - 1 run, 1 hit, 0 errors, 2 left on base; Portland 8 - Amarillo 5 |
| TOP OF THE 8TH |
|
Portland Angels batting - Pitching for Amarillo ThunderHeads : RHP Javier Chavez
|
|
Batting: LHB Ramon Garduno
|
0-0: Ground out U3 (Groundball, 13, EV 85.6 MPH)
|
|
Batting: SHB Danny Gelinas
|
0-0: Called Strike 0-1: Foul Ball, location: 2F 0-2: Ball 1-2: Ground out U3 (Groundball, 13, EV 82.5 MPH)
|
|
Batting: RHB Carlos Gonzales
|
0-0: Ball 1-0: SINGLE (Groundball, 6M, EV 95.6 MPH)
|
|
Batting: RHB Rory Cobb
|
0-0: Fly out, F8 (Flyball, 8RM, EV 83.8 MPH)
|
| Top of the 8th over - 0 runs, 1 hit, 0 errors, 1 left on base; Portland 8 - Amarillo 5 |
| BOTTOM OF THE 8TH |
|
Amarillo ThunderHeads batting - Pitching for Portland Angels : LHP Randy Boutilier
|
|
Now at 1B: Arnaud Derosiers
|
|
|
Batting: RHB John Carbonneau
|
0-0: Fly out, F9 (Line Drive, 89S, EV 100.6 MPH)
|
|
Batting: SHB Tyler Romo
|
0-0: Called Strike 0-1: Ball 1-1: Ball 2-1: Ball 3-1: Base on Balls
|
|
Batting: SHB Zack Barton
|
0-0: Foul Ball, location: 2F 0-1: Ball 1-1: Fielders Choice at 2nd, 6-4 (Groundball, 6, EV 110.6 MPH)
|
|
Batting: RHB Sam Voss
|
0-0: Called Strike 0-1: Fly out, F7 (Flyball, 7S, EV 91.9 MPH)
|
| Bottom of the 8th over - 0 runs, 0 hits, 0 errors, 1 left on base; Portland 8 - Amarillo 5 |
| TOP OF THE 9TH |
|
Portland Angels batting - Pitching for Amarillo ThunderHeads : RHP Javier Chavez
|
|
Batting: RHB Mario Martinez
|
0-0: Foul Ball, location: 2F 0-1: Fly out, F7 (Flyball, 78D, EV 105.6 MPH)
|
|
Batting: RHB Aaron Bryant
|
0-0: Ball 1-0: Called Strike 1-1: Ball 2-1: Ball 3-1: Base on Balls
|
|
Batting: SHB Yuya Hirata
|
0-0: 2-RUN HOME RUN (Flyball, 9D, EV 96.9 MPH), Distance : 367 ft
|
|
Batting: RHB Dan Thomey
|
0-0: SOLO HOME RUN (Flyball, 78XD, EV 101.2 MPH), Distance : 403 ft
|
|
Pitching: RHP Eric Juarez
|
|
|
Batting: RHB Dan Myers
|
0-0: Ball 1-0: Foul Ball, location: 2F 1-1: Fly out, F3 (Line Drive, 3, EV 64.4 MPH)
|
|
Batting: RHB Arnaud Derosiers
|
0-0: Fly out, F3 (Line Drive, 34, EV 68.1 MPH)
|
| Top of the 9th over - 3 runs, 2 hits, 0 errors, 0 left on base; Portland 11 - Amarillo 5 |
| BOTTOM OF THE 9TH |
|
Amarillo ThunderHeads batting - Pitching for Portland Angels : LHP Randy Boutilier
|
|
Batting: RHB Jerry Foster
|
0-0: Called Strike 0-1: Called Strike 0-2: SOLO HOME RUN (Flyball, 78XD, EV 98.8 MPH), Distance : 397 ft
|
|
Batting: RHB Elias Sagrero
|
0-0: Ball 1-0: Ball 2-0: Hit by Pitch
|
|
Batting: RHB Eric Camillo
|
0-0: Fly out, F9 (Flyball, 9, EV 80.0 MPH)
|
|
Batting: LHB Santino Pisanello
|
0-0: Ball 1-0: Ball 2-0: Ball 3-0: Base on Balls Elias Sagrero to second
|
|
Batting: RHB Bill Flannery
|
0-0: 3-RUN HOME RUN (Flyball, 78XD, EV 100.0 MPH), Distance : 393 ft
|
|
Batting: RHB John Carbonneau
|
0-0: Swinging Strike 0-1: SINGLE (Groundball, 6S, EV 61.2 MPH) (infield hit)
|
|
Batting: SHB Tyler Romo
|
0-0: Ball 1-0: Swinging Strike 1-1: Ball Passed Ball! John Carbonneau to second 2-1: Foul Ball, location: 2F 2-2: SINGLE (Groundball, 34D, EV 98.1 MPH) John Carbonneau to third
|
|
Batting: SHB Zack Barton
|
0-0: Ball 1-0: Fielders Choice at 2nd, 6-4 (Groundball, 6, EV 86.9 MPH) John Carbonneau scores
|
|
Batting: RHB Sam Voss
|
0-0: Ball Passed Ball! Zack Barton to second 1-0: Ball 2-0: Ball 3-0: Base on Balls
|
|
Pitching: RHP Alex Rosaly
|
|
|
Batting: RHB Jerry Foster
|
0-0: Ball 1-0: Called Strike 1-1: Ball Wild Pitch! Zack Barton to third Sam Voss to second 2-1: Ball 3-1: Base on Balls
|
|
Batting: RHB Elias Sagrero
|
0-0: Ball 1-0: Called Strike 1-1: Swinging Strike 1-2: Strikes out looking
|
| Bottom of the 9th over - 5 runs, 4 hits, 0 errors, 3 left on base; Portland 11 - Amarillo 10 |
|